Map: Prüfung von Aiur LE

Players

apocalisse

  • Race: Zerg Zerg
  • Spawn Location: 11:00

Panda - Winner!

  • Race: Zerg Zerg
  • League: Diamond
  • Spawn Location: 5:00

VOD

Have the link to the VOD?

Description

Time

  • Played on: Sept. 9, 2017, 8:43 p.m.
  • Length: 6:02
Show
View Real Time Build Order
Export as new Build Order

apocalisse Zerg 

Build Orders: Hatch First, Zergling Baneling 

Get SALT Encoding   

  12  0:01  Drone  
  13  0:12  Overlord  
  13  0:17  Drone  
  14  0:23  Extractor, Drone  
  15  0:31  Drone  
  15  0:34  Drone  
  17  0:45  Drone  
  18  0:59  Hatchery  
  18  1:02  Drone  
  18  1:07  Drone  
  19  1:16  Extractor  
  18  1:23  Drone  
  18  1:24  Spawning Pool  
  18  1:31  Drone  
  18  1:42  Drone  
  19  1:52  Overlord  
  19  2:11  Queen x2  
  19  2:13  Zergling x6  
  26  2:18  Metabolic Boost  
  26  2:26  Spine Crawler, Zergling x2  
  26  2:29  Zergling x2  
  19  2:54  Drone x3  
  19  3:08  Baneling Nest  
  18  3:16  Zergling x2  
  17  3:23  Zergling x2  
  17  3:28  Zergling x2  
  18  3:38  Zergling x2  
  18  3:39  Zergling x2  
  20  3:46  Zergling x2  
  19  3:51  Baneling x2  
  19  3:55  Zergling x2  
  20  4:03  Zergling x2  
  20  4:04  Zergling x2  
  20  4:06  Baneling  
  21  4:15  Zergling x2  
  21  4:19  Zergling x2  
  20  4:26  Zergling x4  
  21  4:33  Baneling x3  
  21  4:34  Baneling  
  21  4:38  Baneling  
  21  4:40  Baneling  
  21  4:52  Drone  
  21  4:58  Zergling x2  
  21  4:59  Zergling x2  
  12  5:07  Drone x2  
  11  5:25  Baneling x2  
  11  5:32  Drone  
  12  5:45  Drone  
Show
View Real Time Build Order
Export as new Build Order

Panda Zerg - Winner!

Build Orders: Pool Only, Zergling Baneling 

Get SALT Encoding   

  12  0:01  Drone  
  13  0:18  Extractor  
  12  0:24  Spawning Pool  
  12  0:28  Drone  
  12  0:32  Drone  
  13  0:37  Drone  
  14  0:46  Overlord  
  14  1:11  Zergling x4  
  16  1:12  Zergling x2  
  16  1:14  Queen  
  19  1:23  Zergling x2  
  20  1:28  Metabolic Boost  
  20  1:36  Zergling x2  
  21  1:46  Baneling Nest  
  20  1:51  Overlord  
  20  1:57  Zergling x2  
  21  2:04  Zergling x2  
  22  2:18  Zergling x2  
  23  2:24  Zergling x6  
  26  2:30  Baneling x2  
  26  2:37  Zergling x2  
  26  2:50  Zergling x2  
  26  2:51  Zergling x2  
  24  2:57  Zergling x6  
  27  3:04  Baneling  
  27  3:05  Baneling  
  25  3:14  Zergling x2  
  25  3:19  Zergling x2  
  25  3:27  Zergling x2  
  24  3:41  Zergling x2  
  24  3:47  Baneling  
  24  3:48  Baneling x3  
  23  3:51  Zergling x2  
  23  3:55  Baneling x2  
  24  4:07  Zergling x2  
  21  4:27  Zergling x8  
  23  4:35  Baneling  
  23  4:36  Baneling x3  
  23  4:37  Zergling x2  
  24  4:40  Queen  
  26  4:46  Spine Crawler  
  18  5:03  Zergling x2  
  18  5:04  Zergling x4  
  19  5:21  Zergling x6  
  21  5:29  Zergling x2  
  21  5:32  Baneling  
  21  5:39  Baneling  
Tags
 
Add a new tag
Caveats
  • Supply blocks, unpowered buildings, or Contaminate may cause inaccurate times.
  • Supply counts are checked every 10 seconds.